[ AOE2 MATCH · #470688994 ]
UnrankedHuns vs Bohemians
[ REPLAY ANALYSIS · EXTRACTED FROM THE RECORDED GAME ]
Feudal
17:04
Castle
22:39
Imperial
38:21
| APM avg | 20.3 |
| APM peak | 55 |
| eAPM avg | 11.0 |
| Villagers / military | 132 / 199 |
Focus
⚔️ 29.8% · 🌾 70.2%
Cavalry Archer ×117 · Knight ×49 · Fishing Ship ×48 · Battering Ram ×14 · Fire Galley ×10 · Trebuchet (Packed) ×5
Feudal
—
Castle
—
Imperial
—
| APM avg | 11.5 |
| APM peak | 74 |
| eAPM avg | 6.8 |
| Villagers / military | 53 / 81 |
Focus
⚔️ 30.6% · 🌾 69.4%
Hand Cannoneer ×40 · Spearman ×31 · Trade Cart ×15 · Fishing Ship ×15 · Hussite Wagon ×10
Feudal
18:10
Castle
25:49
Imperial
37:25
| APM avg | 9.7 |
| APM peak | 26 |
| eAPM avg | 8.5 |
| Villagers / military | 76 / 148 |
Focus
⚔️ 31.2% · 🌾 68.8%
Berserk ×108 · Militia ×13 · Trade Cart ×12 · Fire Galley ×11 · Trebuchet (Packed) ×10 · Skirmisher ×6
Feudal
—
Castle
—
Imperial
—
| APM avg | 6.5 |
| APM peak | 21 |
| eAPM avg | 5.2 |
| Villagers / military | 55 / 46 |
Focus
⚔️ 33.5% · 🌾 66.5%
Composite Bowman ×16 · Spearman ×14 · Trebuchet (Packed) ×9 · Knight ×3 · Fishing Ship ×3 · Monk ×2
Feudal
15:44
Castle
—
Imperial
—
| APM avg | 4.4 |
| APM peak | 24 |
| eAPM avg | 2.8 |
| Villagers / military | 24 / 18 |
Focus
⚔️ 24.2% · 🌾 75.8%
Archer ×7 · Militia ×6 · Demolition Raft ×4 · Fishing Ship ×3 · Scout Cavalry ×1
Feudal
15:10
Castle
26:35
Imperial
38:52
| APM avg | 14.1 |
| APM peak | 37 |
| eAPM avg | 7.9 |
| Villagers / military | 43 / 98 |
Focus
⚔️ 50.3% · 🌾 49.7%
Archer ×67 · Longbowman ×27 · Fishing Ship ×22 · Scout Cavalry ×4
Match map
Initial resources + every placement click. Lines = walls · curves = elevation contours. ◆ gold · ⬟ stone · ● berries · ✦ relic · ◌ wall gap
Your base· Open — 5t gap
Rdot_48em's base· Open — unwalled flank
mimi.michalov's base· Open — 13t gap
SirSlothalot778's base· Open — unwalled flank
Raziel011's base· Open — 5t gap
After all this time?'s base· Open — 4t gap
Smoothed initial terrain · ◌ = detected wall gap · hover for details
Inputs per minute
— AFBSXLE - - Rdot_48em
Build order — AFBSXLE
First 150 of 356 actions detected
| 1:11 | Build | Town Center |
| 3:13 | Create | Villager (Male) |
| 3:14 | Create | Villager (Male) |
| 3:14 | Create | Villager (Male) |
| 3:14 | Create | Villager (Male) |
| 3:15 | Create | Villager (Male) |
| 4:44 | Create | Villager (Male) |
| 4:44 | Create | Villager (Male) |
| 4:45 | Create | Villager (Male) |
| 4:55 | Create | Villager (Male) |
| 4:56 | Create | Villager (Male) |
| 5:29 | Create | Villager (Male) |
| 5:29 | Create | Villager (Male) |
| 5:29 | Create | Villager (Male) |
| 5:45 | Create | Villager (Male) |
| 5:45 | Create | Villager (Male) |
| 5:45 | Create | Villager (Male) |
| 6:09 | Create | Villager (Male) |
| 6:09 | Create | Villager (Male) |
| 6:29 | Build | Dock |
| 6:55 | Create | Villager (Male) |
| 6:56 | Create | Villager (Male) |
| 6:58 | Create | Villager (Male) |
| 6:58 | Create | Villager (Male) |
| 7:12 | Create | Fishing Ship |
| 7:12 | Create | Fishing Ship |
| 7:13 | Create | Fishing Ship |
| 7:42 | Create | Villager (Male) |
| 7:42 | Create | Villager (Male) |
| 7:55 | Create | Villager (Male) |
| 7:56 | Create | Villager (Male) |
| 7:57 | Create | Fishing Ship |
| 7:57 | Create | Fishing Ship |
| 8:36 | Create | Villager (Male) |
| 8:36 | Create | Villager (Male) |
| 8:36 | Create | Villager (Male) |
| 8:37 | Create | Villager (Male) |
| 8:39 | Create | Fishing Ship |
| 8:40 | Create | Fishing Ship |
| 8:58 | Create | Fishing Ship |
| 8:58 | Create | Fishing Ship |
| 9:09 | Create | Villager (Male) |
| 9:09 | Create | Villager (Male) |
| 9:20 | Create | Villager (Male) |
| 9:20 | Create | Villager (Male) |
| 9:21 | Create | Villager (Male) |
| 9:31 | Create | Fishing Ship |
| 9:31 | Create | Fishing Ship |
| 9:32 | Create | Fishing Ship |
| 9:40 | Create | Villager (Male) |
| 9:40 | Create | Villager (Male) |
| 10:04 | Build | Dock |
| 10:11 | Create | Villager (Male) |
| 10:12 | Create | Villager (Male) |
| 10:12 | Create | Villager (Male) |
| 10:12 | Create | Villager (Male) |
| 10:30 | Create | Fishing Ship |
| 10:56 | Create | Villager (Male) |
| 10:56 | Create | Villager (Male) |
| 10:56 | Create | Villager (Male) |
| 10:56 | Create | Villager (Male) |
| 10:56 | Create | Villager (Male) |
| 11:04 | Create | Fishing Ship |
| 11:08 | Create | Fishing Ship |
| 11:09 | Create | Fishing Ship |
| 11:19 | Create | Villager (Male) |
| 11:19 | Create | Villager (Male) |
| 11:42 | Create | Villager (Male) |
| 11:43 | Create | Villager (Male) |
| 11:43 | Create | Villager (Male) |
| 11:59 | Create | Villager (Male) |
| 12:00 | Create | Villager (Male) |
| 12:00 | Create | Villager (Male) |
| 12:00 | Create | Villager (Male) |
| 12:04 | Create | Fishing Ship |
| 12:08 | Create | Fishing Ship |
| 12:08 | Create | Fishing Ship |
| 12:20 | Build | Dock |
| 12:27 | Create | Villager (Male) |
| 12:43 | Create | Fishing Ship |
| 12:43 | Create | Fishing Ship |
| 12:46 | Create | Fishing Ship |
| 13:46 | Build | Lumber Camp |
| 14:00 | Create | Villager (Male) |
| 14:00 | Create | Villager (Male) |
| 14:06 | Create | Fishing Ship |
| 14:08 | Create | Fishing Ship |
| 14:09 | Create | Fishing Ship |
| 14:16 | Create | Fishing Ship |
| 14:16 | Create | Fishing Ship |
| 14:22 | Create | Fishing Ship |
| 14:32 | Create | Fishing Ship |
| 14:40 | Create | Villager (Male) |
| 14:40 | Create | Villager (Male) |
| 14:40 | Create | Villager (Male) |
| 14:45 | Research | Feudal Age |
| 15:19 | Create | Villager (Male) |
| 15:35 | Create | Villager (Male) |
| 15:45 | Build | Barracks |
| 16:03 | Create | Fishing Ship |
| 16:04 | Create | Fishing Ship |
| 16:04 | Create | Fishing Ship |
| 16:05 | Create | Fishing Ship |
| 16:06 | Create | Fishing Ship |
| 17:04 | Age | Feudal Age |
| 17:10 | Research | Double-Bit Axe |
| 17:16 | Research | Wheelbarrow |
| 17:18 | Create | Demolition Raft |
| 17:18 | Create | Demolition Raft |
| 17:19 | Create | Demolition Raft |
| 17:26 | Create | Fire Galley |
| 17:27 | Create | Fire Galley |
| 17:27 | Create | Fire Galley |
| 17:42 | Create | Fire Galley |
| 17:42 | Create | Fire Galley |
| 17:43 | Create | Fire Galley |
| 17:50 | Create | Fishing Ship |
| 17:50 | Create | Fishing Ship |
| 17:51 | Create | Fishing Ship |
| 18:12 | Build | Stable |
| 18:23 | Create | Villager (Male) |
| 18:23 | Create | Villager (Male) |
| 18:34 | Build | Blacksmith |
| 18:49 | Create | Fishing Ship |
| 18:49 | Create | Fishing Ship |
| 18:56 | Create | Fire Galley |
| 19:27 | Create | Fire Galley |
| 19:32 | Create | Fire Galley |
| 19:43 | Build | Dock |
| 19:58 | Research | Castle Age |
| 20:06 | Build | Stable |
| 20:12 | Research | Scale Barding Armor |
| 20:17 | Create | Villager (Male) |
| 20:18 | Create | Villager (Male) |
| 20:30 | Create | Demolition Raft |
| 20:34 | Create | Fishing Ship |
| 20:34 | Create | Fishing Ship |
| 20:34 | Create | Fishing Ship |
| 20:48 | Create | Fire Galley |
| 20:52 | Research | Tech 906 |
| 20:53 | Create | Fishing Ship |
| 20:54 | Create | Fishing Ship |
| 21:07 | Build | Lumber Camp |
| 21:29 | Build | Stable |
| 21:55 | Build | Stable |
| 22:01 | Research | Bloodlines |
| 22:22 | Create | Fishing Ship |
| 22:22 | Create | Fishing Ship |
| 22:22 | Create | Fishing Ship |
| 22:22 | Create | Fishing Ship |
Build order — Rdot_48em
First 150 of 160 actions detected
| 1:56 | Build | Town Center |
| 2:15 | Build | House |
| 2:21 | Build | House |
| 4:24 | Create | Villager (Male) |
| 4:24 | Create | Villager (Male) |
| 4:24 | Create | Villager (Male) |
| 4:25 | Create | Villager (Male) |
| 4:25 | Create | Villager (Male) |
| 5:55 | Create | Villager (Male) |
| 6:43 | Build | Dock |
| 6:51 | Create | Villager (Male) |
| 7:35 | Create | Fishing Ship |
| 7:35 | Create | Fishing Ship |
| 8:20 | Create | Villager (Male) |
| 8:20 | Create | Villager (Male) |
| 8:20 | Create | Villager (Male) |
| 9:23 | Build | House |
| 9:25 | Build | House |
| 9:28 | Build | House |
| 9:33 | Create | Villager (Male) |
| 9:33 | Create | Villager (Male) |
| 9:37 | Create | Fishing Ship |
| 9:55 | Create | Villager (Male) |
| 10:03 | Create | Fishing Ship |
| 10:03 | Create | Fishing Ship |
| 10:50 | Create | Villager (Male) |
| 11:10 | Build | Lumber Camp |
| 11:17 | Create | Villager (Male) |
| 11:36 | Build | House |
| 11:40 | Build | House |
| 11:45 | Build | House |
| 11:56 | Create | Villager (Male) |
| 12:14 | Create | Villager (Male) |
| 12:22 | Create | Fishing Ship |
| 12:22 | Create | Fishing Ship |
| 12:49 | Create | Villager (Male) |
| 12:49 | Create | Villager (Male) |
| 12:49 | Create | Villager (Male) |
| 12:50 | Create | Villager (Male) |
| 12:56 | Build | Mining Camp |
| 13:16 | Build | Palisade Wall |
| 13:22 | Build | Palisade Gate |
| 13:40 | Create | Fishing Ship |
| 13:40 | Create | Fishing Ship |
| 13:51 | Create | Villager (Male) |
| 13:51 | Create | Villager (Male) |
| 14:32 | Create | Fishing Ship |
| 14:32 | Create | Fishing Ship |
| 14:33 | Create | Fishing Ship |
| 14:56 | Create | Villager (Male) |
| 15:04 | Create | Villager (Male) |
| 15:05 | Create | Villager (Male) |
| 15:05 | Create | Villager (Male) |
| 15:05 | Create | Villager (Male) |
| 15:42 | Build | Palisade Wall |
| 15:49 | Build | Palisade Wall |
| 17:07 | Create | Fishing Ship |
| 17:08 | Create | Fishing Ship |
| 17:08 | Create | Fishing Ship |
| 18:07 | Research | Feudal Age |
| 18:51 | Build | Palisade Gate |
| 21:08 | Build | Blacksmith |
| 21:30 | Build | Stone Wall |
| 21:50 | Build | Barracks |
| 21:56 | Build | Barracks |
| 21:59 | Build | Barracks |
| 22:36 | Build | Mill |
| 22:58 | Build | Gate |
| 23:44 | Build | Market |
| 24:52 | Research | Castle Age |
| 25:08 | Build | Gate |
| 25:13 | Build | Stone Wall |
| 25:16 | Build | Stone Wall |
| 25:27 | Create | Trade Cart ×15 |
| 25:42 | Build | House |
| 25:45 | Build | House |
| 25:51 | Build | House |
| 25:54 | Build | House |
| 25:55 | Build | House |
| 25:57 | Build | House |
| 26:00 | Build | House |
| 26:04 | Build | House |
| 26:09 | Build | House |
| 27:46 | Build | Stone Wall |
| 28:00 | Research | Squires |
| 28:01 | Research | Arson |
| 28:03 | Research | Pikeman (upgrade) |
| 28:32 | Build | Castle |
| 28:54 | Create | Spearman ×15 |
| 29:54 | Create | Spearman ×8 |
| 30:05 | Create | Hussite Wagon ×2 |
| 31:48 | Create | Spearman ×4 |
| 31:58 | Create | Villager (Male) |
| 31:59 | Create | Villager (Male) |
| 31:59 | Create | Villager (Male) |
| 32:46 | Build | Lumber Camp |
| 32:50 | Create | Villager (Male) |
| 33:32 | Create | Hussite Wagon ×2 |
| 33:56 | Create | Spearman ×4 |
| 34:51 | Create | Villager (Male) |
| 34:52 | Create | Villager (Male) |
| 35:11 | Build | Siege Workshop |
| 35:24 | Create | Villager (Male) |
| 36:10 | Build | Town Center |
| 36:40 | Build | Stone Wall |
| 36:47 | Build | Farm |
| 36:57 | Build | Farm |
| 37:09 | Create | Villager (Male) |
| 37:10 | Create | Villager (Male) |
| 37:10 | Create | Villager (Male) |
| 37:34 | Build | University |
| 37:49 | Build | Farm |
| 37:53 | Create | Villager (Male) |
| 37:53 | Create | Villager (Male) |
| 38:32 | Create | Villager (Male) |
| 38:33 | Create | Villager (Male) |
| 39:01 | Build | Siege Workshop |
| 39:25 | Build | Stone Wall |
| 39:37 | Create | Villager (Male) |
| 40:09 | Create | Hussite Wagon ×6 |
| 40:40 | Create | Villager (Male) |
| 40:41 | Create | Villager (Male) |
| 40:42 | Create | Villager (Male) |
| 40:43 | Create | Villager (Male) |
| 40:43 | Create | Villager (Male) |
| 41:11 | Build | Gate |
| 41:54 | Build | Farm |
| 41:59 | Build | Farm |
| 42:06 | Build | Farm |
| 44:36 | Build | Archery Range |
| 44:41 | Build | Archery Range |
| 44:44 | Build | Archery Range |
| 45:46 | Research | Crossbowman (upgrade) |
| 45:52 | Research | Chemistry |
| 45:57 | Create | Villager (Male) |
| 45:58 | Create | Villager (Male) |
| 45:58 | Create | Villager (Male) |
| 45:59 | Create | Villager (Male) |
| 45:59 | Create | Villager (Male) |
| 46:27 | Build | Stone Wall |
| 47:15 | Create | Hand Cannoneer ×9 |
| 47:16 | Create | Hand Cannoneer |
| 47:17 | Create | Hand Cannoneer ×9 |
| 47:18 | Create | Hand Cannoneer |
| 47:18 | Create | Hand Cannoneer ×9 |
| 47:19 | Create | Hand Cannoneer |
| 47:58 | Create | Hand Cannoneer ×10 |
| 48:25 | Build | Archery Range |
| 48:26 | Build | Archery Range |
| 48:28 | Build | Archery Range |
Build order — mimi.michalov
First 150 of 295 actions detected
| 0:28 | Build | Town Center |
| 1:31 | Build | House |
| 1:33 | Build | House |
| 3:18 | Research | Loom |
| 3:18 | Create | Villager (Male) |
| 3:18 | Create | Villager (Male) |
| 3:19 | Create | Villager (Male) |
| 3:19 | Create | Villager (Male) |
| 3:19 | Create | Villager (Male) |
| 3:19 | Create | Villager (Male) |
| 4:45 | Create | Villager (Male) |
| 5:03 | Build | Mill |
| 5:11 | Create | Villager (Male) |
| 5:11 | Create | Villager (Male) |
| 5:41 | Create | Villager (Male) |
| 6:21 | Create | Villager (Male) |
| 6:56 | Create | Villager (Male) |
| 6:59 | Create | Villager (Male) |
| 7:12 | Build | House |
| 7:13 | Build | House |
| 7:14 | Build | House |
| 7:33 | Create | Villager (Male) |
| 7:33 | Create | Villager (Male) |
| 7:54 | Create | Villager (Male) |
| 7:54 | Create | Villager (Male) |
| 7:54 | Create | Villager (Male) |
| 8:08 | Create | Villager (Male) |
| 8:24 | Create | Villager (Male) |
| 8:25 | Create | Villager (Male) |
| 8:50 | Build | Lumber Camp |
| 9:01 | Create | Villager (Male) |
| 9:01 | Create | Villager (Male) |
| 9:02 | Create | Villager (Male) |
| 9:03 | Create | Villager (Male) |
| 9:53 | Create | Villager (Male) |
| 9:53 | Create | Villager (Male) |
| 9:53 | Create | Villager (Male) |
| 10:17 | Build | Mining Camp |
| 11:11 | Create | Villager (Male) |
| 11:45 | Build | Mill |
| 11:53 | Build | Dock |
| 12:08 | Create | Villager (Male) |
| 12:09 | Create | Villager (Male) |
| 12:09 | Create | Villager (Male) |
| 12:09 | Create | Villager (Male) |
| 12:09 | Create | Villager (Male) |
| 12:11 | Create | Villager (Male) |
| 12:12 | Create | Villager (Male) |
| 12:42 | Build | Mining Camp |
| 13:40 | Create | Fishing Ship |
| 13:40 | Create | Fishing Ship |
| 13:46 | Create | Fishing Ship |
| 14:44 | Build | House |
| 14:45 | Build | House |
| 14:49 | Build | House |
| 14:50 | Build | House |
| 14:51 | Build | House |
| 14:58 | Research | Feudal Age |
| 16:41 | Create | Villager (Male) |
| 16:42 | Create | Villager (Male) |
| 16:42 | Create | Villager (Male) |
| 16:42 | Create | Villager (Male) |
| 16:42 | Create | Villager (Male) |
| 16:42 | Create | Villager (Male) |
| 16:43 | Create | Villager (Male) |
| 17:31 | Build | Barracks |
| 17:32 | Build | Barracks |
| 17:46 | Create | Fishing Ship |
| 17:47 | Create | Fishing Ship |
| 17:47 | Create | Fishing Ship |
| 18:10 | Age | Feudal Age |
| 18:30 | Research | Town Watch |
| 18:50 | Build | Lumber Camp |
| 19:26 | Build | Archery Range |
| 19:28 | Build | Archery Range |
| 20:01 | Build | Farm |
| 20:02 | Build | Farm |
| 20:14 | Build | Farm |
| 20:15 | Build | Farm |
| 20:35 | Build | Farm |
| 20:46 | Build | Farm |
| 20:47 | Build | Farm |
| 21:13 | Build | Watch Tower |
| 21:15 | Build | Watch Tower |
| 21:34 | Create | Villager (Male) |
| 22:07 | Build | Blacksmith |
| 23:06 | Build | Watch Tower |
| 23:09 | Research | Castle Age |
| 23:40 | Research | Man-at-Arms (upgrade) |
| 23:48 | Create | Militia |
| 23:48 | Create | Militia |
| 23:49 | Create | Militia |
| 23:49 | Create | Militia |
| 23:49 | Create | Militia |
| 23:50 | Create | Militia |
| 23:50 | Create | Militia |
| 23:50 | Create | Militia |
| 23:50 | Create | Militia |
| 23:51 | Create | Militia |
| 23:51 | Create | Militia |
| 23:51 | Create | Militia |
| 23:51 | Create | Militia |
| 23:57 | Research | Forging |
| 23:59 | Research | Scale Mail Armor |
| 24:08 | Research | Gold Mining |
| 24:26 | Create | Skirmisher |
| 24:27 | Create | Skirmisher |
| 24:27 | Create | Skirmisher |
| 24:27 | Create | Skirmisher |
| 24:27 | Create | Skirmisher |
| 24:28 | Create | Skirmisher |
| 25:13 | Build | Market |
| 25:26 | Build | Farm |
| 25:27 | Build | Farm |
| 25:28 | Build | Farm |
| 25:30 | Build | Farm |
| 25:32 | Build | Farm |
| 25:49 | Age | Castle Age |
| 26:03 | Build | House |
| 26:04 | Build | House |
| 26:05 | Build | House |
| 26:06 | Build | House |
| 26:49 | Build | Mining Camp |
| 27:16 | Create | Villager (Male) |
| 27:16 | Create | Villager (Male) |
| 27:16 | Create | Villager (Male) |
| 27:16 | Create | Villager (Male) |
| 27:17 | Create | Villager (Male) |
| 27:17 | Create | Villager (Male) |
| 27:17 | Create | Villager (Male) |
| 27:20 | Create | Villager (Male) |
| 27:36 | Research | Caravan |
| 28:02 | Build | Castle |
| 29:02 | Build | Town Center |
| 29:20 | Research | Town Patrol |
| 29:31 | Create | Trade Cart |
| 29:31 | Create | Trade Cart |
| 30:24 | Create | Trade Cart |
| 30:24 | Create | Trade Cart |
| 30:24 | Create | Trade Cart |
| 30:25 | Create | Trade Cart |
| 30:33 | Research | Gold Shaft Mining |
| 31:35 | Build | Town Center |
| 31:41 | Create | Trade Cart |
| 31:41 | Create | Trade Cart |
| 31:42 | Create | Trade Cart |
| 31:42 | Create | Trade Cart |
| 31:42 | Create | Trade Cart |
| 31:42 | Create | Trade Cart |
| 31:58 | Create | Villager (Male) |
Build order — SirSlothalot778
First 150 of 159 actions detected
| 1:49 | Build | Town Center |
| 2:27 | Build | House |
| 2:31 | Build | House |
| 2:35 | Build | House |
| 4:22 | Create | Villager (Male) |
| 4:22 | Create | Villager (Male) |
| 4:22 | Create | Villager (Male) |
| 4:23 | Create | Villager (Male) |
| 5:52 | Build | Barracks |
| 6:04 | Create | Villager (Male) |
| 6:05 | Research | Loom |
| 7:03 | Create | Militia |
| 7:41 | Create | Villager (Male) |
| 8:37 | Create | Villager (Male) |
| 8:38 | Create | Villager (Male) |
| 8:38 | Create | Villager (Male) |
| 9:27 | Build | Dock |
| 9:50 | Create | Villager (Male) |
| 9:55 | Create | Villager (Male) |
| 10:01 | Create | Villager (Male) |
| 10:18 | Create | Villager (Male) |
| 10:41 | Create | Villager (Male) |
| 10:42 | Create | Villager (Male) |
| 11:00 | Create | Villager (Male) |
| 11:37 | Build | House |
| 11:40 | Build | House |
| 11:44 | Build | House |
| 12:23 | Build | Mill |
| 12:46 | Create | Villager (Male) |
| 13:28 | Build | Mule Cart |
| 13:41 | Build | Mule Cart |
| 14:28 | Create | Fishing Ship |
| 14:28 | Create | Fishing Ship |
| 14:28 | Create | Fishing Ship |
| 15:14 | Research | Feudal Age |
| 15:42 | Build | Mule Cart |
| 16:06 | Create | Villager (Male) |
| 16:06 | Create | Villager (Male) |
| 16:07 | Create | Villager (Male) |
| 16:07 | Create | Villager (Male) |
| 16:09 | Create | Villager (Male) |
| 18:00 | Build | Stable |
| 18:23 | Build | Market |
| 18:31 | Research | Double-Bit Axe |
| 19:09 | Create | Scout Cavalry |
| 19:25 | Build | Archery Range |
| 20:44 | Research | Castle Age |
| 21:04 | Build | Mule Cart |
| 21:50 | Create | Trade Cog |
| 23:20 | Create | Villager (Male) |
| 23:20 | Create | Villager (Male) |
| 23:21 | Create | Villager (Male) |
| 23:21 | Create | Villager (Male) |
| 23:22 | Create | Villager (Male) |
| 23:23 | Research | Town Watch |
| 23:35 | Build | Monastery |
| 24:06 | Build | Town Center |
| 24:25 | Create | Monk |
| 25:09 | Build | House |
| 25:14 | Build | House |
| 25:19 | Build | House |
| 25:58 | Build | University |
| 27:45 | Build | Castle |
| 27:57 | Research | Imperial Age |
| 28:51 | Create | Spearman |
| 28:51 | Create | Spearman |
| 28:51 | Create | Spearman |
| 28:52 | Create | Spearman |
| 28:52 | Create | Spearman |
| 30:17 | Create | Spearman |
| 30:17 | Create | Spearman |
| 30:17 | Create | Spearman |
| 30:18 | Create | Spearman |
| 30:43 | Build | Mill |
| 31:06 | Research | Pikeman (upgrade) |
| 31:08 | Create | Spearman |
| 31:08 | Create | Spearman |
| 31:08 | Create | Spearman |
| 31:09 | Create | Spearman |
| 31:09 | Create | Spearman |
| 31:14 | Create | Trebuchet (Packed) |
| 31:23 | Create | Villager (Male) |
| 32:00 | Create | Villager (Male) |
| 32:00 | Create | Villager (Male) |
| 32:00 | Create | Villager (Male) |
| 32:18 | Create | Composite Bowman |
| 32:27 | Create | Villager (Male) |
| 32:28 | Create | Villager (Male) |
| 33:28 | Create | Villager (Male) |
| 33:29 | Create | Villager (Male) |
| 33:29 | Create | Villager (Male) |
| 34:25 | Create | Trebuchet (Packed) |
| 34:58 | Create | Villager (Male) |
| 34:58 | Create | Villager (Male) |
| 34:59 | Create | Villager (Male) |
| 34:59 | Create | Villager (Male) |
| 34:59 | Create | Villager (Male) |
| 35:13 | Create | Villager (Male) |
| 35:13 | Create | Villager (Male) |
| 35:13 | Create | Villager (Male) |
| 35:14 | Create | Villager (Male) |
| 35:14 | Create | Villager (Male) |
| 35:59 | Research | Murder Holes |
| 36:24 | Create | Composite Bowman |
| 36:25 | Create | Composite Bowman |
| 36:25 | Create | Composite Bowman |
| 36:25 | Create | Composite Bowman |
| 36:26 | Create | Composite Bowman |
| 37:14 | Create | Villager (Male) |
| 37:15 | Create | Villager (Male) |
| 37:15 | Create | Villager (Male) |
| 37:15 | Create | Villager (Male) |
| 37:24 | Build | Mule Cart |
| 37:32 | Create | Monk |
| 38:43 | Create | Villager (Male) |
| 38:44 | Create | Villager (Male) |
| 38:44 | Create | Villager (Male) |
| 38:45 | Create | Villager (Male) |
| 38:45 | Create | Villager (Male) |
| 39:24 | Build | Castle |
| 40:00 | Research | Wheelbarrow |
| 40:04 | Research | Town Patrol |
| 40:34 | Build | Blacksmith |
| 41:12 | Build | Dock |
| 41:36 | Build | Monastery |
| 41:47 | Research | Stone Mining |
| 42:04 | Create | Unit 1795 |
| 42:04 | Create | Unit 1795 |
| 42:56 | Build | Siege Workshop |
| 43:45 | Build | Mule Cart |
| 44:39 | Create | Trebuchet (Packed) |
| 44:40 | Create | Trebuchet (Packed) |
| 44:40 | Create | Trebuchet (Packed) |
| 44:56 | Research | Scale Mail Armor |
| 44:58 | Research | Padded Archer Armor |
| 45:54 | Build | Farm |
| 46:14 | Build | Farm |
| 46:25 | Build | Castle |
| 47:29 | Create | Trebuchet (Packed) |
| 47:29 | Create | Trebuchet (Packed) |
| 47:39 | Create | Composite Bowman |
| 47:39 | Create | Composite Bowman |
| 47:40 | Create | Composite Bowman |
| 47:40 | Create | Composite Bowman |
| 47:40 | Create | Composite Bowman |
| 47:41 | Create | Composite Bowman |
| 47:41 | Create | Composite Bowman |
| 47:42 | Create | Composite Bowman |
| 47:42 | Create | Composite Bowman |
| 47:42 | Create | Composite Bowman |
Build order — Raziel011
82 actions detected in the replay
| 0:16 | Build | Town Center |
| 2:47 | Research | Loom |
| 2:48 | Create | Villager (Male) |
| 2:48 | Create | Villager (Male) |
| 2:49 | Create | Villager (Male) |
| 2:49 | Create | Villager (Male) |
| 2:51 | Build | House |
| 2:54 | Build | House |
| 2:55 | Build | House |
| 4:27 | Build | Lumber Camp |
| 4:48 | Create | Villager (Male) |
| 5:27 | Create | Villager (Male) |
| 6:50 | Create | Villager (Male) |
| 7:17 | Create | Villager (Male) |
| 8:29 | Build | Mill |
| 9:28 | Create | Villager (Male) |
| 9:28 | Create | Villager (Male) |
| 9:28 | Create | Villager (Male) |
| 9:30 | Create | Villager (Male) |
| 11:07 | Create | Villager (Male) |
| 12:03 | Build | Barracks |
| 13:34 | Research | Feudal Age |
| 13:43 | Build | House |
| 13:44 | Build | House |
| 13:48 | Build | House |
| 15:24 | Build | Barracks |
| 15:32 | Create | Villager (Male) |
| 15:33 | Create | Villager (Male) |
| 15:33 | Create | Villager (Male) |
| 15:33 | Create | Villager (Male) |
| 15:44 | Age | Feudal Age |
| 16:16 | Build | Mining Camp |
| 16:31 | Build | Stable |
| 16:50 | Research | Double-Bit Axe |
| 17:09 | Research | Gold Mining |
| 17:31 | Create | Scout Cavalry |
| 17:38 | Build | Archery Range |
| 18:17 | Create | Villager (Male) |
| 18:36 | Create | Villager (Male) |
| 18:49 | Build | Blacksmith |
| 19:19 | Build | Lumber Camp |
| 19:29 | Research | Town Watch |
| 19:50 | Build | Dock |
| 19:54 | Create | Villager (Male) |
| 20:18 | Build | Farm |
| 20:44 | Build | Farm |
| 20:47 | Build | Farm |
| 20:51 | Build | Farm |
| 20:55 | Build | Farm |
| 21:13 | Build | Farm |
| 21:31 | Build | Farm |
| 21:46 | Build | Farm |
| 22:04 | Build | Farm |
| 22:28 | Create | Demolition Raft |
| 22:29 | Create | Demolition Raft |
| 22:33 | Create | Villager (Male) |
| 22:33 | Create | Villager (Male) |
| 22:34 | Create | Villager (Male) |
| 22:34 | Create | Villager (Male) |
| 22:43 | Create | Militia |
| 22:43 | Create | Militia |
| 23:03 | Create | Archer |
| 23:03 | Create | Archer |
| 23:04 | Create | Archer |
| 23:04 | Create | Archer |
| 23:04 | Create | Archer |
| 23:21 | Create | Archer |
| 23:22 | Create | Archer |
| 23:49 | Research | Tech 906 |
| 23:50 | Create | Demolition Raft |
| 24:00 | Create | Fishing Ship |
| 24:00 | Create | Fishing Ship |
| 24:08 | Create | Demolition Raft |
| 24:10 | Create | Fishing Ship |
| 24:40 | Build | House |
| 24:52 | Research | Man-at-Arms (upgrade) |
| 24:55 | Create | Militia |
| 24:55 | Create | Militia |
| 24:55 | Create | Militia |
| 24:57 | Create | Militia |
| 25:25 | Build | Watch Tower |
| 25:34 | Research | Forging |
Build order — After all this time?
130 actions detected in the replay
| 1:24 | Build | Town Center |
| 1:46 | Build | Dock |
| 1:51 | Build | House |
| 1:52 | Build | House |
| 3:51 | Create | Villager (Male) ×4 |
| 3:52 | Create | Villager (Male) ×4 |
| 5:08 | Create | Fishing Ship |
| 5:28 | Create | Villager (Male) |
| 6:42 | Create | Fishing Ship |
| 6:43 | Create | Fishing Ship |
| 6:51 | Create | Fishing Ship |
| 7:22 | Create | Villager (Male) |
| 8:23 | Create | Villager (Male) |
| 8:54 | Create | Villager (Male) |
| 9:22 | Create | Villager (Male) |
| 9:22 | Create | Villager (Male) |
| 9:32 | Build | House |
| 9:33 | Build | House |
| 9:35 | Build | House |
| 9:38 | Build | House |
| 9:39 | Build | House |
| 9:58 | Build | House |
| 9:59 | Build | House |
| 11:58 | Build | Mill |
| 13:00 | Research | Feudal Age |
| 13:23 | Research | Loom |
| 14:50 | Build | Mining Camp |
| 15:10 | Age | Feudal Age |
| 15:19 | Build | Dock |
| 15:24 | Build | House |
| 15:25 | Build | House |
| 15:27 | Build | House |
| 15:28 | Build | House |
| 15:45 | Create | Villager (Male) ×5 |
| 15:54 | Build | Barracks |
| 16:43 | Build | Lumber Camp |
| 17:26 | Research | Double-Bit Axe |
| 18:21 | Build | Stable |
| 18:38 | Create | Villager (Male) ×5 |
| 19:31 | Research | Tech 906 |
| 19:32 | Create | Fishing Ship |
| 19:42 | Create | Scout Cavalry ×4 |
| 20:38 | Build | Archery Range |
| 21:06 | Build | Archery Range |
| 21:52 | Create | Fishing Ship |
| 21:53 | Create | Fishing Ship |
| 21:53 | Create | Fishing Ship |
| 22:49 | Build | Market |
| 23:07 | Build | Blacksmith |
| 23:43 | Build | House |
| 23:44 | Build | House |
| 23:46 | Build | House |
| 23:47 | Build | House |
| 23:55 | Research | Castle Age |
| 24:39 | Create | Fishing Ship ×4 |
| 25:11 | Create | Villager (Male) ×5 |
| 25:42 | Create | Villager (Male) |
| 25:47 | Build | Farm |
| 25:48 | Build | Farm |
| 26:14 | Research | Gold Mining |
| 26:35 | Age | Castle Age |
| 27:05 | Research | Gillnets |
| 27:12 | Research | Fletching |
| 27:13 | Research | Padded Archer Armor |
| 27:17 | Create | Archer |
| 27:20 | Research | Crossbowman (upgrade) |
| 28:01 | Create | Archer ×5 |
| 28:01 | Create | Archer ×5 |
| 28:01 | Create | Archer ×5 |
| 28:02 | Create | Archer ×5 |
| 28:02 | Create | Archer ×5 |
| 28:02 | Create | Archer ×5 |
| 28:08 | Create | Archer |
| 28:36 | Research | Fletching |
| 28:50 | Build | Dock |
| 28:53 | Build | House |
| 28:54 | Build | House |
| 28:55 | Build | House |
| 29:54 | Build | Farm |
| 29:56 | Build | Farm |
| 30:31 | Research | Padded Archer Armor |
| 30:31 | Research | Bodkin Arrow |
| 30:34 | Research | Bow Saw |
| 31:23 | Research | Leather Archer Armor |
| 32:03 | Build | Dock |
| 33:08 | Build | Town Center |
| 33:44 | Build | Castle |
| 34:31 | Create | Archer ×5 |
| 34:32 | Create | Archer ×5 |
| 34:32 | Create | Archer ×5 |
| 34:32 | Create | Archer ×4 |
| 35:23 | Build | University |
| 35:31 | Create | Villager (Male) ×5 |
| 35:34 | Create | Villager (Male) |
| 35:36 | Create | Villager (Male) |
| 35:43 | Research | Imperial Age |
| 36:13 | Create | Fishing Ship ×5 |
| 36:32 | Research | Ballistics |
| 36:43 | Create | Villager (Male) |
| 37:45 | Create | Villager (Male) ×5 |
| 37:58 | Build | Mining Camp |
| 38:52 | Age | Imperial Age |
| 38:57 | Build | Castle |
| 39:33 | Research | Yeomen |
| 40:22 | Research | Arbalester (upgrade) |
| 42:28 | Build | Farm |
| 42:28 | Build | Farm |
| 42:32 | Build | Farm |
| 42:36 | Research | Bracer |
| 42:41 | Research | Hoardings |
| 42:57 | Research | Elite Longbowman (upgrade) |
| 43:11 | Create | Archer ×2 |
| 43:31 | Research | Chemistry |
| 43:53 | Create | Longbowman ×3 |
| 44:28 | Build | Dock |
| 44:30 | Build | House |
| 44:32 | Build | House |
| 44:33 | Build | House |
| 44:35 | Build | House |
| 44:36 | Build | House |
| 45:32 | Create | Longbowman ×5 |
| 45:32 | Create | Longbowman ×5 |
| 45:32 | Create | Longbowman ×5 |
| 45:33 | Create | Longbowman ×4 |
| 46:22 | Create | Fishing Ship ×5 |
| 46:30 | Create | Longbowman ×5 |
| 46:49 | Build | Lumber Camp |
| 47:41 | Create | Archer ×5 |
| 47:42 | Create | Archer ×5 |
| 47:42 | Create | Archer ×4 |
Match timeline
| 1:46 | After all this time? · first_building Dock |
| 5:52 | SirSlothalot778 · first_building Barracks |
| 6:29 | AFBSXLE · first_building Dock |
| 6:43 | Rdot_48em · first_building Dock |
| 9:27 | SirSlothalot778 · first_building Dock |
| 11:53 | mimi.michalov · first_building Dock |
| 12:03 | Raziel011 · first_building Barracks |
| 13:16 | Rdot_48em · wall_segment Palisade Wall x13 |
| 15:10 | After all this time? · age_up feudal |
| 15:42 | Rdot_48em · wall_segment Palisade Wall x12 |
| 15:44 | Raziel011 · age_up feudal |
| 15:45 | AFBSXLE · first_building Barracks |
| 15:49 | Rdot_48em · wall_segment Palisade Wall x11 |
| 15:54 | After all this time? · first_building Barracks |
| 16:31 | Raziel011 · first_building Stable |
| 17:04 | AFBSXLE · age_up feudal |
| 17:31 | mimi.michalov · first_building Barracks |
| 17:38 | Raziel011 · first_building Archery Range |
| 18:00 | SirSlothalot778 · first_building Stable |
| 18:10 | mimi.michalov · age_up feudal |
| 18:12 | AFBSXLE · first_building Stable |
| 18:21 | After all this time? · first_building Stable |
| 19:25 | SirSlothalot778 · first_building Archery Range |
| 19:26 | mimi.michalov · first_building Archery Range |
| 19:50 | Raziel011 · first_building Dock |
| 20:38 | After all this time? · first_building Archery Range |
| 21:30 | Rdot_48em · wall_segment Stone Wall x20 |
| 21:50 | Rdot_48em · first_building Barracks |
| 22:39 | AFBSXLE · age_up castle |
| 23:35 | SirSlothalot778 · first_building Monastery |
| 25:13 | Rdot_48em · wall_segment Stone Wall x14 |
| 25:16 | Rdot_48em · wall_segment Stone Wall x11 |
| 25:49 | mimi.michalov · age_up castle |
| 26:16 | Raziel011 · resign |
| 26:35 | After all this time? · age_up castle |
| 27:45 | SirSlothalot778 · first_building Castle |
| 27:46 | Rdot_48em · wall_segment Stone Wall x9 |
| 28:02 | mimi.michalov · first_building Castle |
| 28:32 | Rdot_48em · first_building Castle |
| 32:47 | AFBSXLE · first_building Castle |
| 33:44 | After all this time? · first_building Castle |
| 35:07 | After all this time? · first_market_sell 100 wood |
| 35:11 | Rdot_48em · first_building Siege Workshop |
| 36:07 | AFBSXLE · first_building Siege Workshop |
| 36:40 | Rdot_48em · wall_segment Stone Wall x9 |
| 37:18 | AFBSXLE · first_building Archery Range |
| 37:25 | mimi.michalov · age_up imperial |
| 38:21 | AFBSXLE · age_up imperial |
| 38:50 | AFBSXLE · first_building Monastery |
| 38:52 | After all this time? · age_up imperial |
| 39:25 | Rdot_48em · wall_segment Stone Wall x7 |
| 39:28 | After all this time? · first_market_buy 100 wood |
| 42:41 | AFBSXLE · first_market_buy 500 food |
| 42:56 | SirSlothalot778 · first_building Siege Workshop |
| 44:36 | Rdot_48em · first_building Archery Range |
| 46:27 | Rdot_48em · wall_segment Stone Wall x7 |
[ AI ANALYSIS · 1 CREDIT ]
What really happened in this match?
Wolo.gg analyzes every decision: build order, eco, micro, common mistakes by bracket. Personalized analysis on WhatsApp or Discord in 30 seconds.
Civ guide
Huns
Perfil
Jugador #2333243